Map: Prion Terraces

Players

Miszu - Winner!

  • Race: Protoss Protoss
  • League: Master

Razza

  • Race: Zerg Zerg
  • League: Master

VOD

Have the link to the VOD?

Description

Time

  • Played on: April 3, 2016, 8:51 a.m.
  • Length: 17:57
Show
View Real Time Build Order
Export as new Build Order

Miszu Protoss - Winner!

Build Orders: 1 Gate Expand, Mass Adepts 

Get SALT Encoding   

  12  0:00  Probe (Chrono Boost)  
  13  0:11  Probe (Chrono Boost)  
  14  0:18  Pylon  
  14  0:24  Pylon  
  14  0:25  Probe (Chrono Boost)  
  15  0:42  Probe (Chrono Boost)  
  16  0:44  Gateway  
  16  0:52  Probe (Chrono Boost)  
  17  1:03  Probe (Chrono Boost)  
  18  1:13  Probe (Chrono Boost)  
  19  1:19  Nexus  
  19  1:24  Probe (Chrono Boost)  
  20  1:27  Assimilator  
  20  1:38  Probe (Chrono Boost)  
  21  1:45  Cybernetics Core  
  21  1:49  Probe (Chrono Boost)  
  21  1:51  Assimilator  
  22  1:57  Pylon  
  22  2:00  Probe (Chrono Boost)  
  23  2:15  Probe (Chrono Boost)  
  24  2:21  Adept (Chrono Boost)  
  26  2:23  Warp Gate (Chrono Boost)  
  26  2:26  Probe  
  27  2:31  Probe  
  28  2:38  Probe  
  28  2:41  Mothership Core  
  31  2:46  Adept (Chrono Boost)  
  31  2:50  Probe  
  34  3:02  Probe  
  35  3:09  Adept (Chrono Boost)  
  35  3:10  Gateway  
  35  3:12  Gateway  
  37  3:22  Probe  
  38  3:27  Probe  
  37  3:34  Probe  
  37  3:36  Assimilator  
  37  3:37  Pylon, Assimilator  
  37  3:38  Probe  
  39  3:45  Adept (Chrono Boost)  
  39  3:46  Probe  
  40  3:51  Probe  
  40  3:54  Stargate  
  40  3:55  Stargate  
  43  3:59  Probe  
  44  4:03  Probe  
  45  4:11  Probe  
  45  4:13  Pylon  
  45  4:15  Probe  
  45  4:16  Pylon  
  47  4:22  Adept x2  
  47  4:23  Adept, Probe  
  54  4:31  Probe  
  53  4:34  Pylon  
  53  4:35  Probe  
  49  4:43  Probe  
  49  4:45  Adept  
  49  4:46  Adept x2  
  49  4:47  Probe  
  49  4:51  Pylon  
  49  4:52  Pylon  
  56  4:55  Probe  
  56  4:59  Probe  
  53  5:10  Phoenix x2  
  53  5:11  Pylon  
  57  5:17  Probe  
  57  5:18  Probe  
  59  5:23  Adept  
  61  5:30  Probe x2  
  48  5:35  Phoenix  
  59  5:42  Probe  
  58  5:55  Probe x2  
  54  6:07  Probe x2  
  54  6:09  Phoenix x2  
  56  6:19  Probe  
  56  6:20  Probe  
  58  6:30  Nexus  
  58  6:31  Pylon, Probe  
  58  6:32  Probe  
  60  6:34  Phoenix  
  62  6:43  Probe  
  62  6:44  Phoenix, Probe  
  66  6:55  Probe  
  66  6:56  Probe  
  66  6:57  Adept  
  66  6:58  Adept  
  66  6:59  Phoenix  
  74  7:08  Probe  
  75  7:09  Phoenix  
  73  7:30  Probe x2  
  73  7:42  Probe x2  
  75  7:44  Robotics Facility, Probe  
  75  7:47  Robotics Facility, Phoenix  
  75  7:50  Pylon  
  78  7:54  Forge, Twilight Council, Probe x2  
  78  7:55  Probe  
  78  7:58  Sentry x2  
  83  7:59  Sentry  
  83  8:00  Pylon  
  87  8:06  Probe x3  
  90  8:19  Probe x2  
  90  8:37  Probe  
  90  8:39  Resonating Glaives, Probe x2  
  90  8:41  Adept x3  
  99  8:42  Immortal (Chrono Boost)  
  99  8:43  Protoss Ground Weapons Level 1, Immortal (Chrono Boost)  
  107  8:48  Gateway  
  107  8:50  Gateway  
  107  8:55  Probe x2  
  109  9:02  Pylon  
  109  9:06  Pylon  
  109  9:21  Immortal x2 (Chrono Boost)  
  117  9:28  Gateway  
  117  9:29  Gateway  
  117  9:32  Gateway  
  117  9:34  Gateway  
  117  9:36  Pylon  
  117  9:37  Pylon  
  117  9:39  Pylon  
  115  9:50  Adept x4  
  115  9:51  Adept  
  125  9:55  Immortal x2 (Chrono Boost), Pylon  
  133  10:02  Pylon  
  133  10:17  Adept x4  
  133  10:18  Adept  
  143  10:29  Observer (Chrono Boost), Warp Prism (Chrono Boost)  
  143  10:31  Charge  
  143  10:32  Adept, Pylon  
  143  10:33  Adept  
  150  10:37  Protoss Ground Weapons Level 2  
  150  10:45  Adept x2  
  150  10:46  Adept x4  
  162  10:51  Assimilator  
  162  10:55  Assimilator  
  156  11:06  Nexus  
  156  11:07  Pylon  
  156  11:15  Zealot x2  
  156  11:16  Zealot x2  
  156  11:17  Zealot x4  
  170  11:31  Templar Archives  
  170  11:38  Adept x2  
  174  11:40  Zealot  
  174  11:41  Zealot x2  
  179  12:05  Psionic Storm  
  179  12:09  Zealot  
  179  12:12  Pylon  
  181  12:17  Zealot  
  181  12:18  Immortal (Chrono Boost), Zealot x6  
  181  12:19  Zealot  
  179  12:37  High Templar  
  179  12:38  High Templar x4  
  179  12:40  Zealot x4  
  185  12:47  Photon Cannon  
  185  12:48  Pylon  
  185  12:49  Photon Cannon  
  185  12:51  Photon Cannon  
  185  12:54  Assimilator  
  185  12:55  Assimilator  
  185  13:01  Immortal (Chrono Boost)  
  185  13:05  Protoss Ground Weapons Level 3, Observer (Chrono Boost)  
  190  13:31  Zealot  
  190  13:32  Zealot x4  
  200  13:39  High Templar x2  
  196  13:53  High Templar  
  196  13:57  Zealot x3  
  196  13:58  Zealot  
  198  14:04  Gateway  
  198  14:09  Gateway  
  190  14:10  Gateway  
  190  14:11  Observer x2 (Chrono Boost)  
  190  14:15  Zealot  
  190  14:16  Zealot x3  
  196  14:25  Zealot  
  196  14:26  Zealot x2  
  198  14:38  Zealot  
  198  14:54  High Templar  
  173  15:15  Pylon  
  173  15:16  Pylon  
  173  15:17  Pylon  
  173  15:19  Pylon  
  150  15:21  Pylon  
  150  15:28  Pylon  
  147  15:31  Pylon  
  147  15:32  Pylon  
  147  15:34  Pylon  
  147  15:35  Pylon  
  145  15:36  Pylon  
  125  15:55  High Templar x5  
  125  15:56  High Templar  
  139  16:11  Mothership Core  
  132  16:30  Zealot x6  
  132  16:31  Zealot x3  
  76  17:43  Archon x2  
  72  17:44  Archon  
Show
View Real Time Build Order
Export as new Build Order

Razza Zerg 

Build Orders: Hatch First, Lurkers, Zergling Baneling 

Get SALT Encoding   

  12  0:04  Drone  
  13  0:12  Overlord  
  13  0:17  Drone  
  14  0:30  Drone x2  
  16  0:36  Drone  
  17  0:47  Drone  
  18  0:56  Hatchery  
  17  0:59  Drone  
  17  1:02  Extractor  
  17  1:15  Spawning Pool  
  17  1:16  Drone  
  17  1:19  Drone  
  18  1:30  Drone  
  19  1:41  Overlord  
  19  1:54  Drone  
  20  2:02  Queen  
  20  2:04  Zergling x2  
  20  2:05  Metabolic Boost  
  24  2:08  Drone  
  24  2:12  Queen  
  26  2:16  Drone  
  26  2:21  Drone  
  28  2:24  Drone  
  29  2:31  Drone  
  29  2:35  Drone  
  31  2:41  Drone  
  32  2:46  Drone, Hatchery  
  32  2:56  Drone  
  33  2:59  Zergling x2  
  33  3:04  Baneling Nest  
  33  3:07  Zergling x2  
  33  3:08  Overlord  
  33  3:17  Zergling x6  
  35  3:22  Drone x2  
  36  3:32  Zergling x8  
  39  3:38  Zergling x2  
  40  3:44  Zergling x2  
  40  3:48  Zergling x2  
  42  3:54  Zergling x2  
  42  3:55  Baneling x3  
  43  3:56  Baneling  
  43  3:58  Overlord  
  43  3:59  Overlord  
  43  4:02  Queen  
  43  4:04  Zergling x6, Baneling  
  43  4:05  Baneling x3  
  43  4:06  Zergling x2  
  43  4:09  Zergling x2  
  50  4:19  Zergling x4  
  52  4:30  Drone x4  
  49  4:36  Lair  
  49  4:37  Roach Warren, Drone  
  49  4:38  Extractor  
  47  4:40  Drone x3  
  47  4:43  Drone  
  51  4:46  Drone x2  
  51  4:48  Drone  
  52  4:56  Drone x2  
  52  4:57  Drone  
  52  4:59  Baneling  
  50  5:00  Baneling x2, Drone x2  
  50  5:03  Extractor  
  50  5:04  Extractor  
  50  5:05  Drone x3  
  50  5:06  Drone x2  
  52  5:10  Overlord, Baneling  
  52  5:19  Roach x2  
  56  5:24  Spine Crawler  
  56  5:27  Spine Crawler x2  
  56  5:28  Zergling x4, Spine Crawler  
  54  5:31  Zergling x4  
  54  5:33  Zergling x4  
  57  5:37  Roach x2  
  62  5:43  Roach x2  
  60  5:53  Roach x3  
  60  5:55  Queen  
  64  6:01  Roach  
  64  6:03  Drone x2  
  65  6:06  Zergling x2  
  65  6:08  Zergling x2  
  65  6:12  Drone x2  
  65  6:13  Overlord  
  67  6:25  Drone  
  67  6:28  Glial Reconstitution  
  68  6:34  Drone  
  68  6:35  Drone x5  
  68  6:36  Overlord  
  68  6:37  Overlord x2  
  74  6:49  Overlord  
  74  6:53  Spore Crawler  
  71  6:57  Spore Crawler  
  71  6:59  Hydralisk Den  
  68  7:03  Spore Crawler x2, Drone x2  
  68  7:04  Spore Crawler  
  67  7:10  Drone x2  
  67  7:11  Extractor, Drone x3  
  67  7:12  Drone  
  70  7:16  Drone x3  
  70  7:18  Drone  
  72  7:29  Roach x4  
  76  7:30  Roach  
  76  7:34  Drone x2  
  70  7:38  Muscular Augments  
  68  7:55  Drone, Hatchery  
  68  7:56  Extractor, Drone  
  68  7:57  Drone x3  
  68  7:58  Hydralisk  
  73  8:04  Hydralisk x3  
  78  8:09  Hydralisk  
  78  8:10  Hydralisk  
  80  8:19  Drone x2  
  78  8:20  Drone x2  
  78  8:21  Overlord  
  80  8:29  Hydralisk  
  78  8:35  Overlord x3  
  78  8:43  Overlord x3  
  78  8:48  Overlord  
  78  8:49  Overlord  
  78  8:53  Queen  
  80  8:55  Drone x2  
  80  8:56  Hydralisk  
  80  8:57  Roach  
  80  8:58  Roach  
  80  9:01  Hydralisk  
  90  9:05  Hydralisk  
  90  9:06  Roach  
  94  9:12  Hydralisk  
  94  9:13  Hydralisk x2  
  100  9:21  Hydralisk x2  
  100  9:22  Hydralisk  
  106  9:26  Drone  
  106  9:27  Evolution Chamber  
  106  9:28  Evolution Chamber  
  102  9:40  Drone x2  
  102  9:41  Drone  
  102  9:42  Drone x7  
  112  9:46  Overlord  
  112  9:50  Hydralisk  
  112  9:51  Roach  
  116  9:59  Hydralisk x2  
  122  10:00  Roach  
  122  10:05  Hydralisk  
  122  10:06  Roach  
  126  10:12  Zerg Missile Weapons Level 1  
  126  10:13  Zerg Ground Armor Level 1  
  126  10:15  Extractor, Drone x3  
  128  10:24  Hydralisk x2  
  128  10:25  Roach x2  
  128  10:27  Overlord x2  
  136  10:31  Overlord  
  136  10:34  Overlord  
  136  10:44  Lurker Den  
  136  10:47  Overlord x4  
  136  10:49  Drone  
  138  10:50  Drone x3  
  138  10:52  Zergling x2  
  138  10:53  Zergling x4  
  143  10:57  Zergling x8  
  143  11:00  Zergling x2  
  143  11:03  Zergling x6  
  152  11:04  Zergling x2  
  152  11:06  Zergling x2  
  152  11:07  Zergling x4  
  152  11:08  Queen  
  157  11:14  Hydralisk  
  157  11:15  Hydralisk, Roach  
  157  11:16  Roach  
  161  11:26  Zergling x6  
  161  11:30  Hydralisk x2  
  161  11:31  Roach x4  
  176  11:33  Overseer x2  
  176  11:35  Drone x2  
  176  11:37  Extractor  
  177  11:45  Hydralisk  
  176  11:54  Hydralisk x2  
  176  11:55  Roach x2  
  182  12:02  Hatchery  
  182  12:04  Hydralisk  
  182  12:05  Overlord x2  
  182  12:06  Overlord  
  180  12:16  Overlord x2  
  179  12:22  Baneling  
  179  12:23  Baneling x3  
  179  12:26  Hydralisk x4, Roach  
  179  12:27  Roach x2  
  179  12:29  Queen  
  183  12:38  Queen  
  183  12:39  Drone x2  
  183  12:40  Drone  
  183  12:42  Drone  
  183  12:44  Spine Crawler  
  183  12:48  Lurker x2  
  183  12:49  Lurker x5  
  183  12:50  Lurker  
  190  13:03  Spine Crawler  
  189  13:09  Zerg Ground Armor Level 2  
  189  13:18  Infestation Pit, Hydralisk x2  
  189  13:19  Roach x2  
  196  13:21  Overseer  
  196  13:22  Roach  
  196  13:24  Baneling  
  196  13:25  Baneling x3  
  196  13:26  Baneling x2  
  196  13:51  Hydralisk x2  
  196  13:52  Roach x2  
  198  14:01  Spine Crawler  
  198  14:02  Drone x2, Spine Crawler  
  195  14:03  Drone  
  194  14:13  Spine Crawler  
  193  14:17  Hydralisk x2, Spine Crawler  
  193  14:18  Roach x2  
  193  14:22  Spine Crawler  
  199  14:28  Drone x2  
  186  14:32  Overlord x2, Baneling  
  183  14:45  Hydralisk  
  183  14:46  Hydralisk x4, Zergling x2, Roach x2  
  183  14:47  Roach x2  
  185  15:01  Lurker x4  
  185  15:03  Hydralisk x3, Roach  
  185  15:04  Roach  
  174  15:17  Roach x3  
  174  15:18  Roach x5  
  182  15:27  Roach x3  
  182  15:28  Roach  
  174  15:29  Zergling x4  
  168  15:37  Zergling x2  
  147  15:51  Drone x3  
  147  15:55  Spawning Pool  
  148  16:08  Overlord  
  148  16:14  Overlord  
  142  16:47  Overlord x2  
  94  17:22  Zergling x12  
  84  17:33  Zergling x2  
  84  17:35  Zergling x2  
  87  17:37  Spore Crawler  
Tags
 
Add a new tag
Caveats
  • Supply blocks, unpowered buildings, or Contaminate may cause inaccurate times.
  • Supply counts are checked every 10 seconds.